 Dungeon Crawl Stone Soup version 0.30-a0-634-g8abc85282e (webtiles) character file.

Game seed: 10492347074624215711

189 wormed the Insei (level 5, -4/34 HPs)
             Began as an Octopode Transmuter on Jan 14, 2023.
             Slain by a gnoll
             ... wielding a +0 flail
             ... led by a gnoll bouda
              (6 damage)
             ... on level 3 of the Dungeon.
             The game lasted 00:02:44 (2264 turns).

wormed the Insei (Octopode Transmuter)              Turns: 2264, Time: 00:02:44

Health: -4/34      AC:  1    Str:  9    XL:     5   Next: 68%
Magic:  8/8        EV: 13    Int: 17    God:
Gold:   213        SH:  0    Dex: 13    Spells: 6/9 levels left

rFire   . . .      SeeInvis +      - Unarmed
rCold   . . .      Faith    .    (no shield)
rNeg    . . .      Spirit   .    (helmet restricted)
rPois   .          Reflect  .    (no amulet)
rElec   .          Harm     .    h - ring of see invisible
rCorr   .          Rampage  .    (no ring)
Will    .....                    (no ring)
Stlth   ++                       (no ring)
HPRegen 0.25/turn                (no ring)
MPRegen 0.11/turn                (no ring)
                                 (no ring)
                                 (no ring)

@: no status effects
A: almost no armour, amphibious, 8 rings, camouflage 1, gelatinous body 1,
(nimble swimmer 1), tentacles
a: no special abilities


You were on level 3 of the Dungeon.
You visited 1 branch of the dungeon, and saw 3 of its levels.

You collected 213 gold pieces.

Inventory:

Jewellery
 h - a ring of see invisible (left tentacle)
Potions
 b - a potion of berserk rage
 c - a potion of attraction {unknown}
 d - a potion of mutation
 e - a potion of cancellation
 g - a potion of resistance {unknown}


   Skills:
 + Level 2.1 Fighting
 + Level 2.6 Dodging
 + Level 3.6 Unarmed Combat
 + Level 2.6 Spellcasting
 * Level 3.5 Transmutations
 + Level 1.6 Ice Magic


You had 6 spell levels left.
You knew the following spells:

 Your Spells              Type           Power      Damage    Failure   Level
a - Wereblood             Tmut           14%        N/A       6%          2
b - Beastly Appendage     Tmut           28%        N/A       4%          1

Your spell library contained the following spells:

 Spells                   Type           Power      Damage    Failure   Level
 Spider Form              Tmut/Pois      8%         N/A       26%         3
 Ice Form                 Ice/Tmut       11%        N/A       52%         4


Dungeon Overview and Level Annotations

Branches:
Dungeon (3/15)

Altars:


Innate Abilities, Weirdness & Mutations

You cannot wear most types of armour.
You are amphibious.
You can wear up to eight rings at the same time.
Your skin changes colour to match your surroundings (Stealth+).
Your rubbery body absorbs attacks. (AC +1, EV +1)
((You are camouflaged when in or above water. (Stealth+)))
You have tentacles for arms and can constrict up to eight enemies at once.


Message History

The gnoll hits you but does no damage. The gnoll bouda barely misses you.
You cannot move.
You hit the gnoll bouda but do no damage.
The gnoll hits you but does no damage.
The gnoll bouda hits you but does no damage.
You hit the gnoll bouda.
The gnoll bouda is moderately wounded.
The gnoll hits you with a +0 flail.
The gnoll bouda gazes fiercely through you!
You feel your attacks grow feeble.
The gnoll bouda hits you but does no damage.
You smack the gnoll bouda!
The gnoll bouda is severely wounded.
The gnoll hits you with a +0 flail!
* * * LOW HITPOINT WARNING * * *
The gnoll bouda hits you but does no damage.
You hit the gnoll bouda.
The gnoll bouda is almost dead.
The gnoll barely misses you.
The gnoll bouda gazes fiercely through you!
You feel as though you will be weak longer.
The gnoll bouda hits you with a +0 club.
* * * LOW HITPOINT WARNING * * *
You smack the gnoll bouda!
You kill the gnoll bouda!
The gnoll hits you with a +0 flail.
* * * LOW HITPOINT WARNING * * *
You hit the gnoll.
The gnoll is lightly wounded.
The gnoll hits you with a +0 flail.
* * * LOW HITPOINT WARNING * * *
You hit the gnoll but do no damage.
The gnoll is lightly wounded.
The gnoll hits you but does no damage.
It was a potion of cancellation.
Your magical effects are unravelling.
You feel magically purged.
You feel less wooden.
Your attacks no longer feel as feeble.
The gnoll hits you with a +0 flail.
You die...

#.# #.#####
#.######.....#
#.....##.....#
############.##.....#
.##........#..........##
......................).
....##..##.#.#.#.#....##
.....##@##.#...#.######
.....'))g.........
.....#...†....##..# ....
#...♣♣...##..#
######..♣♣....##...
#....♣..♣..#
###.#...♣.♣..###.#
..................#
######........#####


You could see a gnoll (swift).

Vanquished Creatures
  A gnoll bouda (D:3)
  2 orc wizards (D:2)
  4 gnolls (D:3)
  2 adders
  2 worms (D:2)
  3 dart slugs
  4 orcs
  3 ball pythons
  4 endoplasms
  3 giant cockroaches
  7 goblins
  5 kobolds
  A quokka (D:2)
  4 bats
  7 frilled lizards
  4 rats
56 creatures vanquished.

Vanquished Creatures (others)
  12 demonic plants (D:2)
12 creatures vanquished.

Grand Total: 68 creatures vanquished

Notes
Turn   | Place    | Note
-------+----------+-------------------------------------------
     0 | D:1      | wormed the Octopode Transmuter began the quest for the Orb.
     0 | D:1      | Reached XP level 1. HP: 13/13 MP: 3/3
   101 | D:1      | Reached XP level 2. HP: 6/18 MP: 5/5
   219 | D:1      | Learned a level 2 spell: Wereblood
   226 | D:1      | Found a faded altar of an unknown god.
   727 | D:2      | Reached XP level 3. HP: 23/23 MP: 2/6
   870 | D:2      | Reached skill level 1 in Ice Magic
  1276 | D:2      | Reached XP level 4. HP: 23/28 MP: 2/7
  2180 | D:3      | Reached XP level 5. HP: 31/34 MP: 4/8
  2264 | D:3      | Slain by a gnoll

Illustrated notes

Levels and vault maps discovered:
D:1:      dpeg_arrival_castle, layout_rooms,
          shapermc_ecumenical_altar_totnotflames, st_stairs_12
D:2:      layout_loops_ring, dreamdust_princess_corridor,
          chequers_serial_rivers_room_a
D:3:      layout_basic, nicolae_wu_jian_wuxing_cycle, chequers_garden

Skill      XL: |  1  2  3  4  5 |
---------------+----------------+-----
Ice Magic      | 1 |  1.6
Transmutations | 3 |  3.5
Fighting       | 2 |  2.1
Dodging        | |  2.6
Unarmed Combat | |  3.6
Spellcasting   | |  2.6

Action                   |  1- 3 |  4- 6 || total
-------------------------+-------+-------++-------
Melee: Unarmed           |    71 |    53 ||   124
       Constrict         |    22 |    11 ||    33
       Kick              |    14 |    13 ||    27
       Tentacles         |    14 |     8 ||    22
       Punch             |     2 |     1 ||     3
 Cast: Beastly Appendage |    15 |     9 ||    24
       Wereblood         |    16 |     8 ||    24
  Use: Scroll            |     2 |     5 ||     7
       Potion            |       |     2 ||     2
 Stab: Sleeping          |     2 |     1 ||     3
Armor: Skin              |     5 |     8 ||    13
Dodge: Dodged            |    47 |    35 ||    82

Table legend: (Time is in decaauts)
 A = Elapsed time spent in this place.
 B = Non-inter-level travel time spent in this place.
 C = Inter-level travel time spent in this place.
 D = Time resting spent in this place.
 E = Time spent auto-exploring this place.
 F = Levels seen in this place.
 G = Mean time per level.
                   A        B        C        D        E       F      G
               +--------+--------+--------+--------+--------+-----+--------+
         Total |   2255 |   2235 |     20 |    100 |   1792 |   3 |  751.7 |
       Dungeon |   2255 |   2235 |     20 |    100 |   1792 |   3 |  751.7 |
               +--------+--------+--------+--------+--------+-----+--------+

Top non-repeatable levels by time:
     D:2: 1247 daAuts
     D:1: 605 daAuts
     D:3: 402 daAuts
